 Dungeon Crawl Stone Soup version 0.29.1-2-gbd0b4ee654 (webtiles) character file.

Game seed: 13454085536573612693

88 croobank the Conjurer (level 4, -1/31 HPs)
             Began as a Demonspawn Conjurer on Nov 29, 2022.
             Killed by nerve-wracking pain
             ... invoked by Grinder
              (12 damage)
             ... on level 3 of the Dungeon.
             The game lasted 00:07:18 (3338 turns).

croobank the Conjurer (Demonspawn Conjurer)         Turns: 3338, Time: 00:07:19

Health: -1/31      AC:  6    Str:  8    XL:     4   Next: 29%
Magic:  4/7        EV: 12    Int: 21    God:
Gold:   190        SH:  0    Dex: 11    Spells: 2/8 levels left

rFire   . . .      SeeInvis .   d - +0 short sword
rCold   . . .      Faith    .   (no shield)
rNeg    . . .      Spirit   .   a - +0 robe
rPois   .          Reflect  .   (no helmet)
rElec   .          Harm     .   (no cloak)
rCorr   .          Rampage  .   (no gloves)
Will    .....                   q - +0 pair of boots
Stlth   ++........              (no amulet)
HPRegen 0.10/turn               (no ring)
MPRegen 0.10/turn               (no ring)

@: no status effects
A: molten scales 2, spiny 1
a: no special abilities


You were on level 3 of the Dungeon.
You visited 1 branch of the dungeon, and saw 3 of its levels.

You collected 190 gold pieces.

Inventory:

Hand Weapons
 d - a +0 short sword (weapon)
 n - a +0 hand axe
Missiles
 r - 3 poisoned darts
Armour
 a - a +0 robe (worn)
 g - a +0 leather armour
 q - a +0 pair of boots (worn)
Jewellery
 u - an amulet of guardian spirit
Wands
 m - a wand of roots (8)
Scrolls
 c - 3 scrolls of blinking {unknown}
 h - 2 scrolls of noise {unknown}
 i - 4 scrolls of identify {unknown}
 k - 2 scrolls of enchant armour {unknown}
 l - 4 scrolls of poison {unknown}
 o - a scroll of teleportation {unknown}
 v - a scroll of fear {unknown}
Potions
 e - a potion of mutation {unknown}
 f - a potion of lignification {unknown}
 j - a potion of heal wounds {unknown}
 p - a potion of attraction {unknown}
 s - a potion of flight {unknown}
 t - a potion of brilliance {unknown}


   Skills:
 + Level 0.8 Fighting
 + Level 2.4 Dodging
 + Level 2.5 Stealth
 + Level 2.5 Spellcasting
 + Level 4.4 Conjurations
 + Level 0.8 Hexes


You had 2 spell levels left.
You knew the following spells:

 Your Spells              Type           Power      Damage    Failure   Level
a - Magic Dart            Conj           84%        1d7       2%          1
b - Searing Ray           Conj           42%        2d6       3%          2
c - Dazzling Flash        Conj/Hex       26%        N/A       14%         3

Your spell library contained the following spells:

 Spells                   Type           Power      Damage    Failure   Level
 Apportation              Tloc           4%         N/A       14%         1
 Necrotise                Necr           8%         1d4       14%         1
 Summon Small Mammal      Summ           8%         N/A       14%         1
 Poisonous Vapours        Pois/Air       4%         N/A       22%         2
 Fulminant Prism          Conj/Hex       6%         3d7       43%         4
 Iskenderun's Mystic Bla  Conj/Tloc      12%        2d5       50%         4
 Corpse Rot               Necr/Pois/Air  2%         N/A       80%         4


Dungeon Overview and Level Annotations

Branches:
Dungeon (3/15)

Altars:
Okawaru

Annotations:
D:3 Grinder


Innate Abilities, Weirdness & Mutations

You are mostly covered in molten scales. (AC +3)
You are partially covered in sharp spines.


Message History

You can move again.
Unknown command.
Casting: Magic Dart (safe; 2% risk of failure)
Confirm with . or Enter, or press ? or * to list all spells.
Casting: Dazzling Flash (quite dangerous; 14% risk of failure)
Press: ? - help, Dir - look around, f - activate Grinder barely misses you.
Casting: Dazzling Flash (quite dangerous; 14% risk of failure)
Confirm with . or Enter, or press ? or * to list all spells.
Casting: Dazzling Flash (quite dangerous; 14% risk of failure)
Press: ? - help, Dir - look around, f - activate Grinder closely misses you.
Casting: Dazzling Flash (quite dangerous; 14% risk of failure)
Confirm with . or Enter, or press ? or * to list all spells.
You don't have enough magic to cast this spell.
You closely miss Grinder.
Grinder is moderately wounded.
Grinder hits you.
You writhe in agony.
You hit Grinder but do no damage.
Grinder is moderately wounded.
Grinder says, "Don't move a muscle."
Grinder gestures at you.
You barely resist. Magic courses through your body.
Grinder says, "Are you a fish?" Grinder hits you but does no damage.
Casting: Dazzling Flash (quite dangerous; 14% risk of failure)
Confirm with . or Enter, or press ? or * to list all spells.
Casting: Dazzling Flash (quite dangerous; 14% risk of failure)
Press: ? - help, Dir - look around, f - activate Grinder is dazzled.
Grinder closely misses you.
You hit Grinder but do no damage.
Grinder is moderately wounded.
Grinder says, "At least Makhleb appreciates what I'm doing."
Grinder hits you but does no damage.
You hit Grinder.
Grinder is heavily wounded.
Grinder gestures at you. Pain shoots through your body!
You die...

#.# #.##########.# # #.#
#............# #
#.################# #
#.#........# # #.#........#
# #.#........# #
#.#........######### #
#.#................# #
#.#........@.......# #
#.#........5.......# ######
#.#........?.......####.....
#.#.........................
#.#................####.....
#.####+#.........).# #.....
#.# #...........# #..... #.#
#######...#######.... #.#
#..# +...'..#..#....


You could see Grinder (blind).

Vanquished Creatures
  5 adders (D:3)
  A worm (D:2)
  A dart slug (D:3)
  5 ball pythons
  A bat (D:2)
  An endoplasm (D:3)
  6 goblins
  8 hobgoblins
  5 frilled lizards
  3 kobolds
  2 rats
38 creatures vanquished.

Notes
Turn   | Place    | Note
-------+----------+-------------------------------------------
     0 | D:1      | croobank the Demonspawn Conjurer began the quest for the
                  | Orb.
     0 | D:1      | Reached XP level 1. HP: 13/13 MP: 3/3
   488 | D:1      | Gained mutation: You are partially covered in sharp spines.
                  | [demonic ancestry]
   488 | D:1      | Reached XP level 2. HP: 19/19 MP: 1/5
   589 | D:1      | Learned a level 2 spell: Searing Ray
  2158 | D:2      | Gained mutation: You are partially covered in molten
                  | scales. (AC +2) [demonic ancestry]
  2158 | D:2      | Reached XP level 3. HP: 24/24 MP: 3/6
  2166 | D:2      | Learned a level 3 spell: Dazzling Flash
  2404 | D:3      | Found an iron altar of Okawaru.
  3208 | D:3      | Gained mutation: You are mostly covered in molten scales.
                  | (AC +3) [demonic ancestry]
  3208 | D:3      | Reached XP level 4. HP: 29/31 MP: 4/7
  3300 | D:3      | Noticed Grinder
  3326 | D:3      | Paralysed by Grinder for 5 turns
  3338 | D:3      | Killed from afar by Grinder

Illustrated notes

Levels and vault maps discovered:
D:1:      nzn_arrival_crosshair, layout_loops_corners
D:2:      layout_basic
D:3:      layout_basic, mainiacjoe_overflow_catwalk, minmay_snake_closets,
          uniq_grinder

Skill      XL: |  1 |
---------------+----+-----
Stealth        | 2 |  2.5
Dodging        | 2 |  2.4
Fighting       | |  0.8
Spellcasting   | |  2.5
Conjurations   | |  4.4
Hexes          | |  0.8

Action                   |  1- 3 |  4- 6 || total
-------------------------+-------+-------++-------
Melee: Short sword       |    14 |    12 ||    26
 Cast: Magic Dart        |    42 |     1 ||    43
       Searing Ray       |    16 |     1 ||    17
       Dazzling Flash    |       |     5 ||     5
  Use: Potion            |       |     2 ||     2
 Stab: Sleeping          |     4 |     1 ||     5
Armor: Robe              |     4 |     4 ||     8
Dodge: Dodged            |    10 |    12 ||    22
